 Dungeon Crawl Stone Soup version 0.18.1-48-g4cf74bf (webtiles) character file.

706 Inkary the Skirmisher (level 7, -1/63 HPs)
             Began as a Hill Orc Fighter on July 24, 2016.
             Was a Follower of Okawaru.
             Slain by a shadow imp (3 damage)
             ... on level 5 of the Dungeon.
             The game lasted 00:09:12 (4160 turns).

Inkary the Skirmisher (Hill Orc Fighter)            Turns: 4160, Time: 00:09:13

Health: -1/63      AC:  4    Str: 18 (19) XL:     7   Next: 67%
Magic:  7/7        EV:  8    Int:  8      God:    Okawaru [*.....]
Gold:   228        SH:  9    Dex: 10      Spells: 0 memorised, 6 levels left

rFire  . . .     SeeInvis .     a - +0 trident
rCold  . . .     Gourm    .     b - +0 scale mail
rNeg   . . .     Faith    .     c - +0 shield
rPois  .         Spirit   .     (no helmet)
rElec  .         Dismiss  .     (no cloak)
rCorr  .         Reflect  .     (no gloves)
SustAt .         Harm     .     (no boots)
MR     .....     Clarity  +     (no amulet)
Stlth  ..........               (no ring)
                                (no ring)

@: not resistant to hostile enchantments, extremely unstealthy
A: hooves 1, clarity, deformed body, deterioration 1, high mp 1, weak 1, sturdy
frame 1
a: Heroism, Renounce Religion


You were on level 5 of the Dungeon.
You worshipped Okawaru.
Okawaru was aware of your devotion.
You were hungry.

You visited 2 branches of the dungeon, and saw 6 of its levels.

You collected 228 gold pieces.

Inventory:

Hand Weapons
 a - a +0 trident (weapon)
Armour
 b - a +0 scale mail (worn)
 c - a +0 shield (worn)
Jewellery
 s - an uncursed ring of positive energy {unknown}
Wands
 l - a wand of lightning (9/15)
Scrolls
 e - 2 scrolls of amnesia {unknown}
 g - 7 scrolls of remove curse {unknown}
 k - 3 scrolls of recharging {unknown}
 m - a scroll of teleportation {unknown}
 n - 2 scrolls of immolation {unknown}
 u - a scroll of fear {unknown}
 v - 2 scrolls of identify {unknown}
Potions
 d - a potion of might
 h - a potion of lignification
 j - a potion of berserk rage
Comestibles
 f - 4 bread rations
 i - a slice of pizza
 o - 2 meat rations


   Skills:
 + Level 6.1 Fighting
 + Level 5.0 Polearms
 + Level 5.4 Armour
 + Level 5.4 Shields


You had 6 spell levels left.
You didn't know any spells.

Dungeon Overview and Level Annotations

Branches:
Dungeon (5/15)             Temple (1/1) D:4

Altars:
Ashenzari
Dithmenos
Elyvilon
Fedhas
Makhleb
Okawaru
Pakellas
Ru
Trog
Zin


Innate Abilities, Weirdness & Mutations

You have large cloven feet.
You possess an exceptional clarity of mind.
Armour fits poorly on your strangely shaped body.
Your body sometimes deteriorates upon taking damage.
You have an increased reservoir of magic (+10% MP).
You are weak. (Str -2)
Your movements are slightly less encumbered by armour (ER -2).


Message History

The hound is almost dead.
The hound bites you.
* * * LOW HITPOINT WARNING * * *
You block the shadow imp's attack. You block the hound's attack.
Your shield and scale mail prevent you from hitting the hound.
The hound is almost dead.
The hound bites you but does no damage. You block the shadow imp's attack.
The hound bites you.
* * * LOW HITPOINT WARNING * * *
You miss the hound. You kick the hound, but do no damage.
The hound is almost dead.
The shadow imp gestures at you. Pain shoots through your body!
* * * LOW HITPOINT WARNING * * *
The hound bites you.
* * * LOW HITPOINT WARNING * * *
You hit the hound but do no damage.
The hound is almost dead.
The hound closely misses you. The shadow imp hits you.
You die...

...........####....#
...................#
..............#....#
......#>...####....#
........#.## #....#
.##...# #..## #....#
....## #....###.#####
.....######.......!...#
...............5@.....#
............#...h.....#
.............$..#######
.......########.
....##..# #. ..#####.#
.. ##......# ..
#......## ...
##........


You could see a hound and a shadow imp.

Vanquished Creatures
  A sky beast (D:5)
  An ice beast (D:5)
  An ogre (D:4)
  A centaur (D:5)
  A scorpion (D:5)
  A giant frog zombie (D:5)
  A jelly (D:5)
  An iguana (D:5)
  4 worker ants
  2 adders
  A shadow imp (D:5)
  4 worms
  2 dart slugs (D:4)
  A giant gecko (D:5)
  6 orcs
  6 bats
  9 giant cockroaches
  7 goblins
  6 hobgoblins
  7 jackals (D:3)
  3 quokkas
  3 ball pythons
  3 giant newts
  9 kobolds
  6 rats
87 creatures vanquished.

Notes
Turn   | Place    | Note
--------------------------------------------------------------
     0 | D:1      | Inkary the Hill Orc Fighter began the quest for the Orb.
     0 | D:1      | Reached XP level 1. HP: 19/19 MP: 1/1
   172 | D:1      | Reached XP level 2. HP: 22/27 MP: 2/2
   520 | D:1      | Reached XP level 3. HP: 33/33 MP: 3/3
  1125 | D:2      | Found a burning altar of Makhleb.
  1323 | D:3      | Reached skill level 4 in Fighting
  1474 | D:3      | Reached XP level 4. HP: 38/40 MP: 4/4
  2006 | D:4      | Found a shadowy altar of Dithmenos.
  2195 | D:4      | Found a staircase to the Ecumenical Temple.
  2207 | Temple   | Entered the Ecumenical Temple
  2214 | Temple   | Became a worshipper of Warmaster Okawaru
  2384 | D:4      | Reached XP level 5. HP: 30/47 MP: 5/5
  2578 | D:4      | Found a glowing silver altar of Zin.
  3053 | D:4      | Noticed an ogre
  3061 | D:4      | Killed an ogre
  3061 | D:4      | Reached * piety under Okawaru
  3061 | D:4      | Reached skill level 5 in Fighting
  3061 | D:4      | Reached XP level 6. HP: 10/56 MP: 6/6
  3269 | D:5      | Entered Level 5 of the Dungeon
  3313 | D:5      | Noticed an ice beast
  3344 | D:5      | Killed an ice beast
  3629 | D:5      | Noticed a sky beast
  3683 | D:5      | HP: 1/56 [sky beast (5)]
  3684 | D:5      | Killed a sky beast
  3684 | D:5      | Reached skill level 5 in Armour
  3684 | D:5      | Reached skill level 5 in Shields
  3684 | D:5      | Reached XP level 7. HP: 1/62 MP: 7/7
  3795 | D:5      | Gained mutation: Your movements are slightly less encumbered by armour (ER -2). [mutagenic meat]
  3796 | D:5      | Gained mutation: Your body sometimes deteriorates upon taking damage. [mutagenic meat]
  3797 | D:5      | Gained mutation: Armour fits poorly on your strangely shaped body. [mutagenic meat]
  3798 | D:5      | Gained mutation: You are weak. (Str -2) [mutagenic meat]
  3956 | D:5      | Gained mutation: You have an increased reservoir of magic (+10% MP). [potion of mutation]
  3956 | D:5      | Gained mutation: You possess an exceptional clarity of mind. [potion of mutation]
  3956 | D:5      | Gained mutation: You have large cloven feet. [potion of mutation]
  4017 | D:5      | Reached skill level 6 in Fighting
  4017 | D:5      | Reached skill level 5 in Polearms
  4159 | D:5      | HP: 2/63 [hound (2)]
  4160 | D:5      | Slain by a shadow imp

Skill      XL: |  1  2  3  4  5  6  7 |
---------------+----------------------+-----
Polearms       | 3 4 5 |  5.0
Fighting       | 4 5 6 |  6.1
Armour         | 4 5 |  5.4
Shields        | 4 5 |  5.4

Action                   |  1- 3 |  4- 6 |  7- 9 || total
-------------------------+-------+-------+-------++-------
Melee: Trident           |   200 |   220 |    55 ||   475
       Kick              |       |       |    16 ||    16
  Use: Potion            |       |     3 |     5 ||     8
  Eat: Chunk             |     2 |     7 |     5 ||    14
       Beef jerky        |       |       |     1 ||     1
Armor: Scale mail        |    77 |    71 |    10 ||   158
       Skin              |       |    12 |       ||    12
Dodge: Dodged            |    48 |    46 |    20 ||   114
Block: Shield            |   102 |    72 |    21 ||   195
